 Dungeon Crawl Stone Soup version 0.29.0-4-gdea44cf6ec (webtiles) character file.

Game seed: 10210288474480371848

125 qw the Chopper (level 5, -4/30 HPs)
             Began as a Tengu Warper on Aug 29, 2022.
             Slain by an iguana (10 damage)
             ... on level 4 of the Dungeon.
             The game lasted 00:01:03 (2579 turns).

qw the Chopper (Tengu Warper)                       Turns: 2579, Time: 00:01:04

Health: -4/30      AC: 10    Str: 13    XL:     5   Next: 9%
Magic:  9/9        EV:  7    Int: 14    God:
Gold:   61         SH:  0    Dex: 13    Spells: 8/8 levels left

rFire   . . .      SeeInvis +   Y - +1 hand axe
rCold   . . .      Faith    .   (no shield)
rNeg    . . .      Spirit   .   k - +0 chain mail
rPois   .          Reflect  .   (helmet restricted)
rElec   .          Harm     .   (no cloak)
rCorr   .          Rampage  .   f - +0 pair of gloves
Will    .....                   (boots unavailable)
Stlth   ..........              i - amulet of regeneration
HPRegen 0.90/turn               h - ring of see invisible
MPRegen 0.11/turn               (no ring)

@: flying quickly and evasively, quick
A: beak, talons 3, nimble flight
a: no special abilities


You were on level 4 of the Dungeon.
You visited 1 branch of the dungeon, and saw 4 of its levels.

You collected 155 gold pieces.
You spent 94 gold pieces at shops.


Innate Abilities, Weirdness & Mutations

You have a beak for a mouth.
You have claws for feet.
Your magical nature lets you fly swiftly and evasively.


   Skills:
 - Level 2.0 Fighting
 + Level 5.0 Axes
 - Level 1.0 Throwing
 - Level 2.6 Armour
 - Level 2.1 Dodging
 - Level 2.0 Spellcasting
 - Level 2.4 Translocations


You had 8 spell levels left.
You didn't know any spells.
Your spell library contained the following spells:

 Spells                   Type           Power      Damage    Failure   Level
 Blink                    Tloc           16%        N/A       99%         2
 Gell's Gravitas          Tloc           8%         N/A       100%        3
 Lesser Beckoning         Tloc           8%         N/A       100%        3
 Teleport Other           Tloc           8%         N/A       100%        3
 Manifold Assault         Tloc           8%         N/A       100%        5

Inventory:

Hand Weapons
 l - a +0 whip
 Y - a +1 hand axe (weapon)
Missiles
 m - 4 javelins (quivered)
Armour
 f - a +0 pair of gloves (worn)
 k - a +0 chain mail (worn)
Jewellery
 h - a ring of see invisible (left hand)
 i - an amulet of regeneration (around neck)
Scrolls
 a - 3 scrolls of teleportation
 b - a scroll of identify
Potions
 c - a potion of resistance {unknown}
 d - a potion of flight {unknown}
 e - 2 potions of curing
 n - a potion of invisibility {unknown}

Dungeon Overview and Level Annotations

Branches:
Dungeon (4/15)
 Temple: D:4-7

Altars:
Vehumet

Shops:
D:2 *   D:3 *

Annotations:
D:3 2 runed translucent doors, qw's ghost, amateur TeWr
D:4 Menkaure


Message History

You closely miss the hound.
The hound is heavily wounded.
The hound bites you but does no damage. The hound bites you.
You hit the hound. Your kick misses the hound. Your peck misses the hound.
The hound is severely wounded.
The hound bites you. x2
You hit the hound.
The hound is almost dead.
You hit the iguana. The hound bites you. The iguana barely misses you.
You barely miss the hound.
The hound is almost dead.
You hit the iguana but do no damage. The hound barely misses you.
The iguana closely misses you. The hound bites you but does no damage.
You barely miss the hound. You peck the hound.
The hound is almost dead.
You barely miss the iguana. The hound bites you but does no damage.
The iguana bites you.
You slash the hound!
You kill the hound!
You closely miss the iguana. The iguana bites you!
Your Armour skill increases to level 2!
You have reached level 5!
Your magical nature develops, letting you fly swiftly and evasively.
You slash the iguana! Your peck misses the iguana.
The iguana is heavily wounded.
You barely miss Menkaure.
Menkaure casts a spell.
Menkaure seems to speed up.
The iguana barely misses you.
You completely miss the iguana. Your kick misses the iguana.
The iguana is heavily wounded.
You hit Menkaure but do no damage. Menkaure hits you.
The iguana barely misses you.
You hit the iguana. You claw the iguana, but do no damage.
The iguana is severely wounded.
You hit Menkaure.
Menkaure calls on the powers of darkness!
The iguana convulses!
Your body is wracked with pain!
The iguana bites you!
You die...

###.######.# (.
#..........# #..
#..........# #..#
##..........# ##..#
#......<....#
.....####.#.........#
..........#.........#
....$.M...#..../....#
......l@..###.......#
.....$....# #########
.............
#.......>....!$
#..............
#..............
#..............
#########......


You could see Menkaure (fast) and an iguana.

Vanquished Creatures
  A hound (D:4)
  3 adders (D:2)
  2 worms (D:2)
  A dart slug (D:3)
  An orc (D:3)
  7 bats
  5 endoplasms
  A giant cockroach (D:1)
  3 goblins
  5 hobgoblins
  3 jackals (D:1)
  7 kobolds
  A quokka (D:1)
  10 ball pythons
  A frilled lizard (D:2)
  6 rats
57 creatures vanquished.

Notes
Turn   | Place    | Note
-------+----------+-------------------------------------------
     0 | D:1      | qw the Tengu Warper began the quest for the Orb.
     0 | D:1      | Reached XP level 1. HP: 12/12 MP: 4/4
     0 | D:1      | 0 ||| qw: Version: 0.1-a-89-g26bdef1
     0 | D:1      | 0 ||| qw: Game counter: 3596
     0 | D:1      | 0 ||| qw: Always use a shield: true
     0 | D:1      | 0 ||| qw: God list: Okawaru
     0 | D:1      | 0 ||| qw: Allow faded altars: false
     0 | D:1      | 0 ||| qw: Do Orc after D:15 true
     0 | D:1      | 0 ||| qw: Do second Lair branch before Depths: true
     0 | D:1      | 0 ||| qw: Lair rune preference: random
     0 | D:1      | 0 ||| qw: Plans: Normal
     0 | D:1      | 0 ||| PLANNING D:1-11
    68 | D:1      | 68 ||| Stepping ~*~*~tactically~*~*~ (stealth).
    70 | D:1      | 70 ||| Stepping ~*~*~tactically~*~*~ (stealth).
    78 | D:1      | Reached XP level 2. HP: 14/17 MP: 6/6
    83 | D:1      | Reached skill level 3 in Axes
   269 | D:1      | 269 ||| Stepping ~*~*~tactically~*~*~ (stealth).
   582 | D:1      | Reached XP level 3. HP: 21/21 MP: 7/7
   748 | D:1      | 748 ||| DROPPING +0 club.
   793 | D:1      | Found a faded altar of an unknown god.
   794 | D:1      | 794 ||| UPGRADING to +0 chain mail.
   804 | D:1      | 804 ||| DROPPING +0 leather armour.
   805 | D:1      | 805 ||| UPGRADING to ring of see invisible.
   806 | D:1      | 806 ||| READING scroll labelled COLIPL ZOIVINTA.
   807 | D:1      | 807 ||| READING scroll labelled IJEOCONATU.
   811 | D:1      | 811 ||| DRINKING 3 murky sapphire potions.
   812 | D:1      | 812 ||| DRINKING 2 clear potions.
   813 | D:1      | 813 ||| DROPPING scroll of blinking.
   814 | D:1      | 814 ||| DROPPING potion of magic.
   908 | D:2      | Reached skill level 4 in Axes
   908 | D:2      | 908 ||| FLEEEEING.
   909 | D:2      | 909 ||| FLEEEEING.
   912 | D:2      | 912 ||| FLEEEEING.
   913 | D:2      | 913 ||| FLEEEEING.
   917 | D:2      | 917 ||| FLEEEEING.
   918 | D:2      | 918 ||| FLEEEEING.
   919 | D:2      | 919 ||| FLEEEEING.
   920 | D:2      | 920 ||| FLEEEEING.
   937 | D:2      | 937 ||| FLEEEEING.
  1457 | D:2      | 1457 ||| Stepping ~*~*~tactically~*~*~ (stealth).
  1458 | D:2      | 1458 ||| Stepping ~*~*~tactically~*~*~ (stealth).
  1523 | D:2      | Reached XP level 4. HP: 26/26 MP: 8/8
  1572 | D:2      | Found Lydom's Assorted Antiques.
  1577 | D:2      | 1577 ||| BUYING pair of gloves (94 gold).
  1577 | D:2      | Bought a pair of gloves for 94 gold pieces
  1577 | D:2      | 1577 ||| SHOPLISTING scroll labelled RUAMYPI ZETA (21 gold,
                  | have 3).
  1876 | D:2      | 1876 ||| UPGRADING to +0 pair of gloves.
  1881 | D:2      | 1881 ||| UPGRADING to amulet of regeneration.
  1886 | D:2      | 1886 ||| READING 2 scrolls labelled PIWNUGR JEPNED.
  1887 | D:2      | 1887 ||| DRINKING 2 orange potions.
  1888 | D:2      | 1888 ||| DRINKING 2 golden potions.
  1889 | D:2      | 1889 ||| DROPPING potion of attraction.
  1890 | D:2      | 1890 ||| DROPPING potion of brilliance.
  1936 | D:3      | Noticed a bullfrog
  1936 | D:3      | Found a runed translucent door.
  1936 | D:3      | Found Nohuec's General Store.
  1937 | D:3      | Noticed qw's ghost (amateur TeWr)
  1942 | D:3      | 1942 ||| SHOPLISTING +0 cloak (54 gold, have 10).
  1942 | D:3      | 1942 ||| SHOPLISTING potion of heal wounds (60 gold, have
                  | 10).
  2020 | D:3      | 2020 ||| Stepping ~*~*~tactically~*~*~ (hiding).
  2022 | D:3      | 2022 ||| Stepping ~*~*~tactically~*~*~ (hiding).
  2140 | D:3      | Reached skill level 5 in Axes
  2252 | D:3      | Found a runed translucent door.
  2425 | D:3      | Found a radiant altar of Vehumet.
  2537 | D:3      | 2537 ||| DROPPING +6 ring of intelligence.
  2538 | D:3      | 2538 ||| READING scroll labelled ORPHAO VIYMMA.
  2539 | D:3      | 2539 ||| READING scroll labelled YZAQUO IDWOEL.
  2568 | D:4      | Noticed Menkaure
  2577 | D:4      | Gained mutation: Your magical nature lets you fly swiftly
                  | and evasively. [Tengu growth]
  2577 | D:4      | Reached XP level 5. HP: 8/30 MP: 9/9
  2579 | D:4      | HP: 6/30 [??? (3)]
  2579 | D:4      | Slain by an iguana

Levels and vault maps discovered:
D:1:      matt_arrival_grand_opening, layout_rooms,
          shapermc_ecumenical_altar_mp_urbaneastern
D:2:      layout_loops_corners, serial_shops, shop
D:3:      layout_rooms, vehumet_crystals, ebering_ghost_sewer_f, serial_shops,
          shop
D:4:      layout_basic, uniq_menkaure, uniq_eustachio

Skill      XL: |  1  2  3  4 |
---------------+-------------+-----
Axes           | 3 4 5 |  5.0
Armour         | 2 |  2.6
Fighting       | |  2.0
Throwing       | |  1.0
Dodging        | |  2.1
Spellcasting   | |  2.0
Translocations | |  2.4

Action                   |  1- 3 |  4- 6 || total
-------------------------+-------+-------++-------
Melee: Hand axe          |    69 |    58 ||   127
       Kick              |    14 |    17 ||    31
       Peck              |    14 |     3 ||    17
       Punch             |     1 |       ||     1
Throw: Boomerang         |     7 |       ||     7
       Javelin           |       |     4 ||     4
  Use: Scroll            |     2 |     3 ||     5
       Potion            |     2 |     2 ||     4
Armor: Leather armour    |    12 |       ||    12
       Chain mail        |    13 |    30 ||    43
Dodge: Dodged            |    24 |    14 ||    38

Table legend:
 A = Non-vault XP
 B = Vault XP
 C = Vault XP percentage of total XP
 D = Non-vault monster count
 E = Vault monster count
 F = Vault count percentage of total count
                 A         B        C        D         E       F
            +---------+---------+-------+---------+---------+-------
      Total |     179 |       0 |   0.0 |      57 |       0 |   0.0
            +---------+---------+-------+---------+---------+-------
        D:1 |      36 |       0 |   0.0 |      22 |       0 |   0.0
        D:2 |      64 |       0 |   0.0 |      15 |       0 |   0.0
        D:3 |      36 |       0 |   0.0 |      19 |       0 |   0.0
        D:4 |      43 |       0 |   0.0 |       1 |       0 |   0.0
            +---------+---------+-------+---------+---------+-------
